 Dungeon Crawl Stone Soup version 0.26-a0-670-g578ab304f5 (webtiles) character file.

Game seed: 16200493124489451902

724 Kinoniko the Poker (level 7, -7/70 HPs)
             Began as an Ogre Fighter on Oct 19, 2020.
             Mangled by a wyvern (13 damage)
             ... on level 5 of the Dungeon.
             The game lasted 00:07:04 (5072 turns).

Kinoniko the Poker (Ogre Fighter)                   Turns: 5072, Time: 00:07:04

Health: -7/70      AC:  3    Str: 23    XL:     7   Next: 71%
Magic:  7/7        EV:  8    Int:  9    God:
Gold:   332        SH:  9    Dex:  8    Spells: 6/6 levels left

rFire    . . .     SeeInvis .   a - +0 trident
rCold    . . .     Faith    .   c - +0 kite shield
rNeg     . . .     Spirit   .   b - +0 robe
rPois    .         Reflect  .   (helmet restricted)
rElec    .         Harm     .   (no cloak)
rCorr    .         Rampage  .   (gloves unavailable)
MR       .....                  (boots unavailable)
Stlth    ++........             (no amulet)
HPRegen  0.21/turn              f - ring of stealth (curse)
MPRegen  0.10/turn              (no ring)

@: no status effects
A: large, unfitting armour, tough skin 1
a: no special abilities


You were on level 5 of the Dungeon.
You visited 1 branch of the dungeon, and saw 5 of its levels.

You collected 332 gold pieces.

Inventory:

Hand Weapons
 a - a +0 trident (weapon)
Armour
 b - a +0 robe (worn)
 c - a +0 kite shield (worn)
Jewellery
 f - a cursed ring of stealth (left hand)
Wands
 i - a wand of flame (20)
 m - a wand of paralysis (7)
Scrolls
 d - 4 scrolls of magic mapping
 e - 5 scrolls of remove curse
 g - 4 scrolls of teleportation
 k - 3 scrolls of immolation
 l - 4 scrolls of identify
Potions
 h - a potion of lignification
 j - a potion of brilliance
 n - a potion of curing


   Skills:
 - Level 4.0 Fighting
 * Level 7.8 Polearms
 - Level 2.6 Dodging
 + Level 4.0 Shields


You had 6 spell levels left.
You didn't know any spells.
Your spell library was empty.

Dungeon Overview and Level Annotations

Branches:
Dungeon (5/15)
 Temple: D:4-7

Altars:
Cheibriados
Fedhas
Kikubaaqudgha

Annotations:
D:3 3 runed translucent doors, dracos369's ghost, amateur OgHu


Innate Abilities, Weirdness & Mutations

You are too large for most types of armour.
You have tough skin. (AC +1)


Message History

The wyvern is lightly wounded.
The wyvern bites you.
You barely miss the wyvern.
The wyvern is lightly wounded.
The wyvern barely misses you.
You hit the wyvern but do no damage.
The wyvern is lightly wounded.
You hear the slow rusting of a drain nearby.
You block the wyvern's attack. The wyvern closely misses you.
You closely miss the wyvern.
The wyvern is lightly wounded.
The wyvern bites you!!
* * * LOW HITPOINT WARNING * * *
You puncture the wyvern!
The wyvern is heavily wounded.
You block the wyvern's attack.
You puncture the wyvern!
The wyvern is almost dead.
You block the wyvern's attack. The wyvern bites you!
You die...

*,*≈*≈*≈*≈****,,*****,,,*#.##.#.#
*≈*≈*∩*≈*≈#.....##******##.##.#.#
*≈*≈***≈*,*.......,,,,,,,..##.#.#
*≈*≈≈≈≈**,*,.....#########.##.#.#
*≈*******≈*,,........#.....#.....
**≈≈,≈≈≈,***,,.......#.#.......##
**********,,,,.......#.#.#...<...
****,**,,,,,,,,#l....#.#.#....#..
*,**,**,,,,,*,,#@...##.#.#.......
*,,,,,,,,,,,,,,#....##.#.........
*,**,**,,,,,*,,#....##.###..#.#..
,,**,**,,,,,*,,#............#.#..
,,*,,,,,,,,,*,,#......#.##.##.#..
,,*,,,,,,,,**,,#......#.##.*#.#..
*,*,,,,,,,,***,#......#.##.*...*#
*,*,,,,,,,,* *>#.........#,*,,,+,
*,*,,,,,,,,* **#.......#...,,,,**


You could see a wyvern.

Vanquished Creatures
  Sigmund (D:4)
  A centaur (D:3)
  A scorpion (D:4)
  A howler monkey (D:2)
  A jelly (D:5)
  3 orc wizards
  2 orc priests (D:4)
  2 worker ants (D:4)
  2 hound skeletons (D:4)
  Robin (D:2)
  2 adders (D:4)
  2 oozes
  An adder skeleton (D:4)
  A worm (D:2)
  A dart slug (D:2)
  4 leopard geckos
  10 orcs
  7 bats
  2 giant cockroaches
  14 goblins
  10 hobgoblins
  5 jackals
  4 quokkas
  4 frilled lizards
  4 kobolds
  A quokka skeleton (D:4)
  A quokka zombie (D:5)
  13 rats
101 creatures vanquished.

Notes
Turn   | Place    | Note
-------+----------+-------------------------------------------
     0 | D:1      | Kinoniko the Ogre Fighter began the quest for the Orb.
     0 | D:1      | Reached XP level 1. HP: 24/24 MP: 1/1
    72 | D:1      | Reached XP level 2. HP: 16/32 MP: 2/2
   305 | D:1      | Reached skill level 3 in Polearms
   606 | D:1      | Reached XP level 3. HP: 33/39 MP: 3/3
  1321 | D:2      | Reached skill level 4 in Polearms
  1642 | D:2      | Reached XP level 4. HP: 48/48 MP: 4/4
  1700 | D:2      | Identified the +1 helmet of Generosity {+Blink rPois}
  1700 | D:2      | Noticed Robin
  1720 | D:2      | Killed Robin
  2159 | D:2      | Reached skill level 5 in Polearms
  2311 | D:3      | Reached XP level 5. HP: 54/54 MP: 5/5
  2344 | D:3      | Noticed a centaur
  2359 | D:3      | Killed a centaur
  2699 | D:3      | Found a blossoming altar of Fedhas.
  2736 | D:3      | Found an ancient bone altar of Kikubaaqudgha.
  2759 | D:3      | Reached skill level 6 in Polearms
  2759 | D:3      | Reached XP level 6. HP: 37/62 MP: 6/6
  2886 | D:3      | Found a snail-covered altar of Cheibriados.
  3012 | D:3      | You fall into a shaft and drop 1 floor!
  3013 | D:4      | Noticed Sigmund
  3021 | D:4      | Killed Sigmund
  3034 | D:4      | Reached skill level 7 in Polearms
  3034 | D:4      | Reached XP level 7. HP: 17/70 MP: 7/7
  3105 | D:4      | HP: 2/70 [orc/+0 short sword (5)]
  3761 | D:3      | Found a runed translucent gate.
  3781 | D:3      | Found a runed translucent gate.
  3782 | D:3      | Found a runed translucent gate.
  3904 | D:3      | Noticed dracos369's ghost (amateur OgHu)
  5019 | D:5      | Entered Level 5 of the Dungeon
  5058 | D:5      | Noticed a wyvern
  5072 | D:5      | Mangled by a wyvern

Illustrated notes

Levels and vault maps discovered:
D:1:      psy_arrival_basics, layout_loops_ring, minmay_misc_feat_encased,
          chequers_jeans
D:2:      layout_basic, kennysheep_generic_room_8, uniq_robin
D:3:      layout_rooms, lemuel_crystal_altar, gammafunk_temple_overflow_statue,
          gammafunk_ghost_icy, chequers_serial_rivers_small_b
D:4:      layout_basic, uniq_sigmund
D:5:      layout_basic, tso_metal_star, lemuel_crystal_altar,
          gup_sewer_entry_spiral, elyvilon_altar_4

Skill      XL: |  1  2  3  4  5  6  7 |
---------------+----------------------+-----
Polearms       | 3 4 5 6 7 |  7.8
Shields        | 3 4 |  4.0
Fighting       | |  4.0
Dodging        | |  2.6

Action                   |  1- 3 |  4- 6 |  7- 9 || total
-------------------------+-------+-------+-------++-------
Melee: Trident           |   143 |   123 |   123 ||   389
  Use: Scroll            |       |     8 |     3 ||    11
       Potion            |       |     6 |     1 ||     7
 Stab: Sleeping          |     1 |     1 |     2 ||     4
       Invisible         |       |     1 |       ||     1
Armor: Robe              |    33 |    18 |    10 ||    61
Dodge: Dodged            |    45 |    54 |    22 ||   121
Block: Kite shield       |    47 |    56 |    34 ||   137

Table legend: (Time is in decaauts)
 A = Elapsed time spent in this place.
 B = Non-inter-level travel time spent in this place.
 C = Inter-level travel time spent in this place.
 D = Time resting spent in this place.
 E = Time spent auto-exploring this place.
 F = Levels seen in this place.
 G = Mean time per level.
                   A        B        C        D        E       F      G
               +--------+--------+--------+--------+--------+-----+--------+
         Total |   5105 |   4992 |    113 |   1903 |   2132 |   5 | 1021.0 |
       Dungeon |   5105 |   4992 |    113 |   1903 |   2132 |   5 | 1021.0 |
               +--------+--------+--------+--------+--------+-----+--------+

Top non-repeatable levels by time:
     D:4: 1725 daAuts
     D:2: 1405 daAuts
     D:3: 983 daAuts
     D:1: 938 daAuts
     D:5: 51 daAuts
